 Dungeon Crawl Stone Soup version 0.21-a0-286-g6fcecc0 (webtiles) character file.

1235 tidbits the Insei (level 8, -3/62 HPs)
             Began as a Demigod Transmuter on Sept 25, 2017.
             Slain by an ice beast (14 damage)
             ... on level 7 of the Dungeon.
             The game lasted 00:24:08 (2758 turns).

tidbits the Insei (Demigod Transmuter)              Turns: 2758, Time: 00:24:08

Health: -3/62      AC:  2    Str: 13    XL:     8   Next: 4%
Magic:  0/16       EV: 21    Int: 21    God:
Gold:   208        SH:  0    Dex: 21    Spells: 3/13 levels left

rFire    . . .     SeeInvis .     - Unarmed
rCold    . . .     Gourm    .   (shield currently unavailable)
rNeg     . . .     Faith    .   (armour currently unavailable)
rPois    x         Spirit   .   (helmet currently unavailable)
rElec    .         Reflect  .   (cloak currently unavailable)
rCorr    .         Harm     .   (gloves currently unavailable)
MR       .....                  (boots currently unavailable)
Stlth    ++........             (no amulet)
HPRegen  0.20/turn              (no ring)
MPRegen  0.15/turn              (no ring)

@: lethally poisoned (-3 -> -49), spider-form
A: high mp 1
a: End Transformation


You were on level 7 of the Dungeon.
You were not hungry.
You were a venomous arachnid creature.
You visited 1 branch of the dungeon, and saw 9 of its levels.

You collected 208 gold pieces.

Inventory:

Hand Weapons
 c - a +1 dagger of venom
   (You took it off a kobold on level 1 of the Dungeon)
 e - a +2 flail of protection
   (You found it on level 6 of the Dungeon)
 k - the +6 falchion "Yttavog" {vamp, rElec rC++ rN+ Dex+3, unknown}
   (You found it on level 9 of the Dungeon)

   It inflicts no extra harm, but heals its wielder when it wounds a living foe.
   It affects your dexterity (+3).
   It greatly protects you from cold.
   It insulates you from electricity.
   It protects you from negative energy.
Missiles
 a - 65 arrows
 u - 7 needles of paralysis
Armour
 n - a +0 helmet
 B - a +0 robe (melded)
 C - a +0 cloak (melded)
 E - a +1 hat (melded)
Wands
 m - a wand of polymorph (6/24)
 p - a wand of acid (6/15)
Scrolls
 b - a scroll of enchant armour {unknown}
 r - 4 scrolls of remove curse
 t - a scroll of teleportation
 w - a scroll of random uselessness {unknown}
Potions
 f - a potion of ambrosia
 h - a potion of might
 j - a potion of agility
 l - 2 potions of brilliance
 o - a potion of magic
 q - a potion of curing
Books
 g - a book of Changes

   Spells                             Type                      Level
   a - Beastly Appendage              Transmutation                1
   b - Sticks to Snakes               Transmutation                2
   c - Spider Form                    Transmutation/Poison         3
   d - Ice Form                       Ice/Transmutation            4
   e - Blade Hands                    Transmutation                5
 s - a book of Necromancy
   (You found it on level 5 of the Dungeon)

   Spells                             Type                      Level
   a - Pain                           Necromancy                   1
   b - Animate Skeleton               Necromancy                   1
   c - Vampiric Draining              Necromancy                   3
   d - Regeneration                   Charms/Necromancy            3
   e - Animate Dead                   Necromancy                   4
   f - Control Undead                 Necromancy                   4
Comestibles
 d - 3 bread rations
 i - 2 meat rations
 v - a chunk of flesh


   Skills:
 + Level 2.5 Fighting
 + Level 3.1 Dodging
 * Level 6.2 Unarmed Combat
 - Level 3.4 Spellcasting
 - Level 1.0 Charms
 - Level 3.0 Necromancy
 - Level 3.8 Transmutations


You had 3 spell levels left.
You knew the following spells:

 Your Spells              Type           Power        Failure   Level  Hunger
e - Beastly Appendage     Tmut           ###...       10%         1    None
k - Sticks to Snakes      Tmut           ###.....     13%         2    ##.....
n - Animate Skeleton      Necr           N/A          12%         1    None
p - Spider Form           Tmut/Pois      ##........   36%         3    ###....
r - Regeneration          Chrm/Necr      ##........   34%         3    ###....


Dungeon Overview and Level Annotations

Branches:
Dungeon (9/15)             Temple (0/1) D:5
   Lair: D:8-11         Orc: D:9-12

Shops:
D:4 :


Innate Abilities, Weirdness & Mutations

You have an increased reservoir of magic. (+10% MP)


Message History

Your ball python closely misses Dowan.
You bite Dowan!
Dowan looks as sick as possible!
Dowan is severely wounded.
Dowan casts a spell at you. The shard of ice misses you.
Your ball python closely misses Dowan.
Your ball python completely misses Dowan.
Dowan hits you with a dagger of pain.
* * * LOW HITPOINT WARNING * * *
You hit Dowan.
Dowan looks as sick as possible!
Dowan is almost dead.
You kill Dowan!
Your Dodging skill increases to level 3!
You have reached level 8!
You are feeling hungry.
Things that are here:
a dagger of pain; a robe
Okay, then.
Okay, then.
Things that are here:
a short sword; a glowing leather armour; the elf corpse of Duvessa
Okay, then.
Casting: Sticks to Snakes
Confirm with . or Enter, or press ? or * to list all spells.
You attempt to give life to the dead...
Before your eyes, flesh is ripped from the corpse!
The dead are walking!
v - 2 chunks of flesh Eat one of 2 chunks of flesh? (ye/n/q)
You eat one of the 2 chunks of flesh.
This raw flesh tastes terrible.
You swap places.
Your transformation has ended.
Your +0 cloak unmelds from your body.
Your +1 hat unmelds from your body.
Your +0 robe unmelds from your body.
Things that are here:
a dagger of pain; a robe Saving game... please wait.
Welcome back, tidbits the Demigod Transmuter.
Press ? for a list of commands and other information.
Found a scroll labeled WIUK OTOHOUNGINTI.
Your ball python withers and dies!
w - a scroll labeled WIUK OTOHOUNGINTI An ice beast comes into view.
Cast which spell? (? or * to list)
Your skin crawls.
What are your orders? t - Shout!
Orders for allies: a - Attack new target. r - Retreat! s - Stop attacking. g - Guard the area. f - Follow me.
Anything else - Cancel.
Gang up on whom?
Press: ? - help, Dir - move target cursor, f - ice beast
Aim: an ice beast Attack!
Your skin is crawling a little less now.
The ice beast hits Duvessa.
The ice beast freezes Duvessa.
Duvessa resists.
Duvessa hits the ice beast with a short sword!
The ice beast hits Duvessa.
The ice beast freezes Duvessa.
Duvessa resists.
A water moccasin comes into view.
The water moccasin hisses angrily.
Duvessa barely misses the ice beast.
The ice beast hits Duvessa.
The ice beast freezes Duvessa.
Duvessa resists.
Duvessa closely misses the ice beast.
Duvessa hits the ice beast with a short sword.
Your skin stops crawling.
Okay, then.
Okay, then.
Found 11 gold pieces.
Casting: Regeneration
Confirm with . or Enter, or press ? or * to list all spells.
You turn into a venomous arachnid creature.
Your +0 cloak melds into your body.
Your +1 hat melds into your body.
Your +0 robe melds into your body.
The water moccasin completely misses you.
You hit the water moccasin but do no damage.
The water moccasin completely misses you.
The water moccasin bites you!
You are poisoned.
The water moccasin poisons you!
You hit the water moccasin.
The water moccasin is lightly wounded.
You feel sick. The water moccasin misses you.
The ice beast completely misses you.
You closely miss the water moccasin.
The water moccasin is lightly wounded.
You feel sick. The water moccasin bites you.
* * * LOW HITPOINT WARNING * * *
The ice beast misses you.
You barely miss the water moccasin.
The water moccasin is lightly wounded.
You feel sick. The water moccasin bites you!
* * * LOW HITPOINT WARNING * * *
You are more poisoned.
The water moccasin poisons you! The ice beast hits you.
* * * LOW HITPOINT WARNING * * *
The ice beast freezes you!
You die...

............
#...$.......
...........
#..........
.......... #
##......#
...###..Y..#####.
.......sS........
#......##Z.......
#....## #........
##..# #.....##.
####...# ##.Z..##
###...(..#
#....##
####........#
#...##
......[.#...#
#..##
......###...##
##..#


You could see a water moccasin, an ice beast and the friendly Duvessa the elf
skeleton.

Vanquished Creatures
  A troll (D:9)
  Duvessa (D:7)
  A sky beast (D:5)
  A bullfrog (D:9)
  Dowan (D:7)
  4 scorpions
  2 hounds
  An orc priest (D:7)
  A gnoll shaman (D:5)
  Ijyb (D:3)
  3 orc wizards
  2 worker ants
  A hound zombie (D:9)
  10 gnolls
  3 adders
  An adder skeleton (D:4)
  A worm (D:3)
  2 dart slugs
  5 leopard geckos
  15 orcs
  2 giant cockroaches
  6 hobgoblins
  4 jackals (D:4)
  A quokka (D:2)
  6 bats
  5 frilled lizards
  3 goblins
  5 kobolds
  A leopard gecko skeleton (D:6)
  8 rats
98 creatures vanquished.

Vanquished Creatures (collateral kills)
  A hound (D:4)
  2 gnolls
  2 worms
  A dart slug (D:1)
  2 orcs
  A goblin (D:1)
9 creatures vanquished.

Grand Total: 107 creatures vanquished

Notes
Turn   | Place    | Note
-------+----------+-------------------------------------------
     0 | D:1      | tidbits the Demigod Transmuter began the quest for the Orb.
     0 | D:1      | Reached XP level 1. HP: 15/15 MP: 5/5
    55 | D:1      | Reached skill level 2 in Transmutations
    85 | D:1      | Reached XP level 2. HP: 22/22 MP: 5/7
    89 | D:1      | Learned a level 2 spell: Sticks to Snakes
   149 | D:1      | Reached skill level 2 in Spellcasting
   362 | D:2      | Reached skill level 3 in Transmutations
   374 | D:2      | Reached XP level 3. HP: 16/27 MP: 8/8
   533 | D:2      | Learned a level 3 spell: Spider Form
   587 | D:3      | Reached XP level 4. HP: 10/34 MP: 5/9
   617 | D:4      | Reached skill level 3 in Unarmed Combat
   838 | D:3      | Noticed Ijyb
   924 | D:3      | Killed Ijyb
   999 | D:3      | Reached skill level 4 in Unarmed Combat
   999 | D:3      | Reached XP level 5. HP: 27/39 MP: 6/10
  1461 | D:5      | Entered Level 5 of the Dungeon
  1462 | D:5      | Noticed a sky beast
  1472 | D:5      | Killed a sky beast
  1472 | D:5      | Reached skill level 5 in Unarmed Combat
  1472 | D:5      | Reached XP level 6. HP: 28/46 MP: 5/11
  1553 | D:5      | Reached skill level 1 in Fighting
  1553 | D:5      | Reached skill level 2 in Dodging
  1698 | D:6      | Found a sparkling altar of Nemelex Xobeh.
  1793 | D:5      | Found an iron altar of Okawaru.
  1793 | D:5      | Found a bloodstained altar of Trog.
  1793 | D:5      | Found a sacrificial altar of Ru.
  1794 | D:5      | Found a shimmering altar of Xom.
  1794 | D:5      | Found a snail-covered altar of Cheibriados.
  1794 | D:5      | Found a shimmering altar of Xom.
  1794 | D:5      | Found a shattered altar of Ashenzari.
  1794 | D:5      | Found a shimmering altar of Xom.
  1795 | D:5      | Found a shadowy altar of Dithmenos.
  1795 | D:5      | Found an opulent altar of Gozag.
  1796 | D:5      | Found a sacrificial altar of Ru.
  1796 | D:5      | Found a burning altar of Makhleb.
  1975 | D:4      | Found Exze's Book Boutique.
  2026 | D:5      | Learned a level 3 spell: Regeneration
  2029 | D:5      | Found an ancient bone altar of Kikubaaqudgha.
  2125 | D:5      | Reached skill level 1 in Necromancy
  2129 | D:5      | Reached skill level 1 in Charms
  2129 | D:5      | Reached XP level 7. HP: 19/53 MP: 2/13
  2136 | D:5      | Learned a level 1 spell: Animate Skeleton
  2188 | D:5      | Found a staircase to the Ecumenical Temple.
  2277 | D:6      | You fall through a shaft for 3 floors!
  2330 | D:9      | Noticed a troll
  2382 | D:9      | Killed a troll
  2382 | D:9      | Reached skill level 3 in Spellcasting
  2382 | D:9      | Reached skill level 2 in Necromancy
  2415 | D:9      | Reached skill level 3 in Necromancy
  2446 | D:9      | Reached skill level 2 in Fighting
  2524 | D:9      | Found an iron altar of Okawaru.
  2531 | D:9      | Got a warped falchion
  2558 | D:8      | Found a blossoming altar of Fedhas.
  2615 | D:7      | Found a snail-covered altar of Cheibriados.
  2681 | D:7      | Reached skill level 6 in Unarmed Combat
  2687 | D:7      | Noticed Duvessa
  2700 | D:7      | Noticed Dowan
  2703 | D:7      | Killed Duvessa
  2714 | D:7      | Killed Dowan
  2714 | D:7      | Reached skill level 3 in Dodging
  2714 | D:7      | Reached XP level 8. HP: 22/62 MP: 1/16
  2758 | D:7      | Slain by an ice beast

Vault maps used:
D:1:      minmay_arrival_five_plusses
D:3:      marbit_many_paths, uniq_ijyb
D:4:      tso_oasis_becter, grunt_temple_overflow_open, serial_shops,
          kennysheep_mini_moat, st_stairs_6, minivault_24,
          nicolae_dithmenos_the_darkroom
D:5:      lemuel_round_altar, temple_doors_ab, first_bread
D:6:      minivault_24, nemelex_xobeh_ov_fountains_minmay
D:7:      lemuel_coloured_pillars_altar, overflow_temple_1_default, uniq_duvessa
D:8:      lemuel_doored_altar, tgw_trog
D:9:      fiery_altar_vehumet, okawaru_ov_weapons_minmay

Skill      XL: |  1  2  3  4  5  6  7 |
---------------+----------------------+-----
Transmutations | 2 3 |  3.8
Spellcasting   | 2 3 |  3.4
Unarmed Combat | 4 5 6 |  6.2
Fighting       | 1 2 |  2.5
Dodging        | 2 3 |  3.1
Necromancy     | 1 3 |  3.0
Charms         | 1 |  1.0

Action                   |  1- 3 |  4- 6 |  7- 9 || total
-------------------------+-------+-------+-------++-------
Melee: Unarmed           |     7 |   136 |    84 ||   227
       Kick              |     6 |       |       ||     6
       Dagger            |    58 |    16 |       ||    74
       Headbutt          |     5 |       |       ||     5
       Punch             |     2 |       |       ||     2
 Cast: Beastly Appendage |    15 |       |       ||    15
       Sticks to Snakes  |     4 |    12 |     5 ||    21
       Spider Form       |     1 |    28 |    12 ||    41
       Regeneration      |       |     1 |     8 ||     9
       Animate Skeleton  |       |       |     1 ||     1
 Abil: End Transformatio |       |       |     2 ||     2
  Use: Scroll            |       |     5 |     5 ||    10
       Potion            |       |     2 |     1 ||     3
 Stab: Sleeping          |     5 |     4 |       ||     9
       Distracted        |       |       |     1 ||     1
  Eat: Chunk             |       |     9 |     3 ||    12
       Fruit             |       |       |     3 ||     3
Armor: Robe              |    11 |     4 |       ||    15
       Skin              |       |     6 |     4 ||    10
Dodge: Dodged            |    33 |   113 |    63 ||   209

Table legend:
 A = Spawn XP
 B = Non-spawn XP
 C = Spawn XP percentage of total XP
 D = Spawn monster count
 E = Non-spawn monster count
 F = Spawn count percentage of total count
 G = Total turns spent on level
                    A         B        C        D         E        F      G
               +---------+---------+-------+---------+---------+-------+---------
         Total |       0 |    1765 |   0.0 |       0 |     107 |   0.0 |  2758
               +---------+---------+-------+---------+---------+-------+---------
           D:1 |       0 |      41 |   0.0 |       0 |      17 |   0.0 |   335
           D:2 |       0 |      83 |   0.0 |       0 |      20 |   0.0 |   408
           D:3 |       0 |     173 |   0.0 |       0 |      25 |   0.0 |   583
           D:4 |       0 |     175 |   0.0 |       0 |      15 |   0.0 |   304
           D:5 |       0 |     322 |   0.0 |       0 |       7 |   0.0 |   413
           D:6 |       0 |     111 |   0.0 |       0 |       3 |   0.0 |   234
           D:7 |       0 |     270 |   0.0 |       0 |       7 |   0.0 |   143
           D:8 |       0 |     112 |   0.0 |       0 |       4 |   0.0 |    76
           D:9 |       0 |     478 |   0.0 |       0 |       9 |   0.0 |   262
               +---------+---------+-------+---------+---------+-------+---------

Table legend:
 A = Turns spent in this place as a percentage of turns spent in the entire game.
 B = Non-inter-level travel turns spent in this place as a percentage of non-inter-level travel turns spent in the entire game.
 C = Inter-level travel turns spent in this place as a percentage of turns spent in this place.
 D = Turns resting spent in this place as a percentage of non-inter-level travel turns spent in this place.
 E = Turns spent auto-exploring this place as a percentage of non-inter-level travel turns spent in this place.
 F = Non-inter-level travel turns spent in this place divided by the number of levels of this place that you've seen.
                   A       B       C       D       E      F
               +-------+-------+-------+-------+-------+----------------------
         Total | 100.0 | 100.0 |   3.1 |   0.0 |   0.0 | 296.9
       Dungeon | 100.0 | 100.0 |   3.1 |   0.0 |   0.0 | 296.9
               +-------+-------+-------+-------+-------+----------------------

Table legend:
 A = Kills in this place as a percentage of kills in entire the game.
 B = Kills by you in this place as a percentage of kills by you in the entire game.
 C = Kills by friends in this place as a percentage of kills by friends in the entire game.
 D = Other kills in this place as a percentage of other kills in the entire game.
 E = Experience gained in this place as a percentage of experience gained in the entire game.
 F = Experience gained in this place divided by the number of levels of this place that you have seen.
                   A       B       C       D       E      F
               +-------+-------+-------+-------+-------+----------------------
         Total | 100.0 | 100.0 | 100.0 |   N/A | 100.0 | 196.1
       Dungeon | 100.0 | 100.0 | 100.0 |   N/A | 100.0 | 196.1
               +-------+-------+-------+-------+-------+----------------------

Vault maps used:
D:1:      minmay_arrival_five_plusses
D:3:      marbit_many_paths, uniq_ijyb
D:4:      tso_oasis_becter, grunt_temple_overflow_open, serial_shops,
          kennysheep_mini_moat, st_stairs_6, minivault_24,
          nicolae_dithmenos_the_darkroom
D:5:      lemuel_round_altar, temple_doors_ab, first_bread
D:6:      minivault_24, nemelex_xobeh_ov_fountains_minmay
D:7:      lemuel_coloured_pillars_altar, overflow_temple_1_default, uniq_duvessa
D:8:      lemuel_doored_altar, tgw_trog
D:9:      fiery_altar_vehumet, okawaru_ov_weapons_minmay
